 Dungeon Crawl Stone Soup version 0.20.0-15-g7f486f2 (webtiles) character file.

99 greprep the Grave Robber (level 4, -2/24 HPs)
             Began as a Deep Elf Necromancer on June 18, 2017.
             Slain by a gnoll
             ... wielding a +0 flail
              (11 damage)
             ... on level 3 of the Dungeon.
             The game lasted 00:04:32 (2154 turns).

greprep the Grave Robber (Deep Elf Necromancer)     Turns: 2154, Time: 00:04:32

Health: -2/24      AC:  2    Str:  5    XL:     4   Next: 45%
Magic:  6/12       EV:  7    Int: 21    God:
Gold:   111        SH:  0    Dex: 15    Spells: 10/12 levels left

rFire    . . .     SeeInvis .   (no weapon)
rCold    . . .     Gourm    .   (no shield)
rNeg     . . .     Faith    .   a - +0 robe
rPois    .         Spirit   .   (no helmet)
rElec    .         Reflect  .   (no cloak)
rCorr    .         Harm     .   (no gloves)
MR       .....                  (no boots)
Stlth    ++........             (no amulet)
Regen    0.1/turn               (no ring)
MPRegen  0.2/turn               (no ring)

@: held
A: no striking features
a: no special abilities


You were on level 3 of the Dungeon.
You were hungry.

You visited 1 branch of the dungeon, and saw 3 of its levels.

You collected 111 gold pieces.

Inventory:

Armour
 a - a +0 robe (worn)
Jewellery
 e - an uncursed ring of positive energy {unknown}
Scrolls
 d - a scroll of remove curse {unknown}
 h - a scroll of immolation {unknown}
 i - a scroll of identify {unknown}
 l - a scroll of enchant weapon {unknown}
Potions
 g - a potion of heal wounds {unknown}
 j - a potion of flight {unknown}
Books
 b - a book of Necromancy

   Spells                             Type                      Level
   a - Pain                           Necromancy                   1
   b - Animate Skeleton               Necromancy                   1
   c - Vampiric Draining              Necromancy                   3
   d - Regeneration                   Charms/Necromancy            3
   e - Animate Dead                   Necromancy                   4
   f - Control Undead                 Necromancy                   4
Comestibles
 c - 4 bread rations
 f - a fruit


   Skills:
 + Level 0.1 Fighting
 + Level 2.5 Dodging
 + Level 2.9 Stealth
 + Level 4.5 Spellcasting
 + Level 6.1 Necromancy


You had 10 spell levels left.
You knew the following spells:

 Your Spells              Type           Power        Failure   Level  Hunger
a - Pain                  Necr           ####         1%          1    None
b - Animate Skeleton      Necr           N/A          1%          1    None


Dungeon Overview and Level Annotations

Branches:
Dungeon (3/15)

Altars:


Message History

Aim: a gnoll, wielding a club (moderately wounded, chance to defeat MR: 89%)
The gnoll writhes in agony!
Casting: Pain
Confirm with . or Enter, or press ? or * to list all spells.
Aiming: Pain
Press: ? - help, Shift-Dir - straight line, f/p - gnoll
Aim: a gnoll, wielding a club (severely wounded, chance to defeat MR: 89%)
The gnoll writhes in agony!
Casting: Pain
Confirm with . or Enter, or press ? or * to list all spells.
Aiming: Pain
Press: ? - help, Shift-Dir - straight line, f/p - gnoll
Aim: a gnoll, wielding a club (almost dead, chance to defeat MR: 89%)
The gnoll writhes in agony!
You kill the gnoll!
The gnoll throws a throwing net.
The throwing net hits you.
You become entangled in the net!
The gnoll hits you!
You struggle against the net.
The gnoll hits you but does no damage.
You struggle against the net.
The gnoll hits you with a flail!
You die...

# .. ...
#####+##....
#.?.........
#....g......
#...@g..)...
#†########## #.#
#########.#
#.........##
#.#........#
#.#.#....#.#####
#.#.#....#.#...
#.#.###..#...####


You could see 2 gnolls.

Vanquished Creatures
  2 gnolls (D:3)
  2 adders (D:2)
  An ooze (D:2)
  A worm (D:2)
  2 leopard geckos (D:2)
  A ball python (D:1)
  4 giant cockroaches (D:2)
  5 goblins
  6 hobgoblins
  14 bats
  4 frilled lizards
  5 kobolds
  7 rats
54 creatures vanquished.

Notes
Turn   | Place    | Note
-------+----------+-------------------------------------------
     0 | D:1      | greprep the Deep Elf Necromancer began the quest for the Orb.
     0 | D:1      | Reached XP level 1. HP: 10/10 MP: 6/6
   256 | D:1      | Reached skill level 5 in Necromancy
   385 | D:1      | Reached XP level 2. HP: 14/15 MP: 5/8
   681 | D:1      | Learned a level 1 spell: Animate Skeleton
  1116 | D:2      | Reached XP level 3. HP: 16/19 MP: 6/10
  1867 | D:2      | Reached skill level 6 in Necromancy
  1867 | D:2      | Reached XP level 4. HP: 23/24 MP: 9/12
  2154 | D:3      | Slain by a gnoll

Skill      XL: |  1  2  3 |
---------------+----------+-----
Necromancy     | 5 6 |  6.1
Spellcasting   | 4 |  4.5
Fighting       | |  0.1
Dodging        | |  2.5
Stealth        | |  2.9

Action                   |  1- 3 |  4- 6 || total
-------------------------+-------+-------++-------
Melee: Unarmed           |    14 |     2 ||    16
 Cast: Pain              |    65 |    14 ||    79
       Animate Skeleton  |     4 |       ||     4
  Eat: Chunk             |     2 |     1 ||     3
Armor: Robe              |    10 |     4 ||    14
Dodge: Dodged            |    24 |     3 ||    27
